[Event "9th Amsterdam Science Park B 2019"]
[Site "Amsterdam"]
[Date "2019.07.12"]
[Round "7.7"]
[White "Honkoop, Mark"]
[Black "Cohn, Samuel"]
[Result "1-0"]
[ECO "B30"]
[WhiteElo "1670"]
[BlackElo "1679"]
[Annotator "NA"]
[PlyCount "99"]
[EventDate "2019.07.06"]
[EventType "swiss"]
[EventCountry "NED"]
[SourceTitle "playchess.com"]
[Source "ChessBase"]
[SourceQuality "1"]
[TimeControl "40/5400+30:1800+30"]

1. e4 c5 2. Nf3 Nc6 3. Bb5 e6 4. Bxc6 bxc6 5. b3 d5 6. e5 Ba6 7. d3 Ne7 8. O-O Nf5 9. c4 Be7 10. Nc3 O-O 11. Ba3 Nd4 12. Na4 Nxf3+ 13. Qxf3 Qa5 14. Rac1 Rfd8 15. Qe3 dxc4 16. dxc4 Rd4 17. Bb2 Rad8 18. Bc3 Qc7 19. Nb2 Bb7 20. Rcd1 Rxd1 21. Rxd1 Rxd1+ 22. Nxd1 Qd7 23. Nb2 Bc8 24. Qd2 f6 25. Nd3 Qe8 26. h3 f5 27. Bb2 Qd8 28. Ba3 g5 29. Qe3 f4 30. Qe4 Qb6 31. h4 Bd7 32. hxg5 Qa5 33. Bc1 Bxg5 34. Qe2 f3 35. gxf3 Bxc1 36. Nxc1 Qc3 37. Nd3 Be8 38. Kg2 Qd4 39. Qe3 Bg6 40. Nxc5 Qh4 41. Nxe6 Qe7 42. Nd4 Qg7 43. Qg5 h6 44. Qg4 Kh7 45. Nxc6 Qf7 46. Nd4 Qe7 47. Qf4 Qg7 48. Qf6 Qxf6 49. exf6 Bb1 50. c5 1-0

[Event "9th Amsterdam Science Park B 2019"]
[Site "Amsterdam"]
[Date "2019.07.12"]
[Round "7.8"]
[White "Tijssens, Rob"]
[Black "Smeets, Kobe"]
[Result "1-0"]
[ECO "E68"]
[WhiteElo "1725"]
[BlackElo "1530"]
[Annotator "NA"]
[PlyCount "61"]
[EventDate "2019.07.06"]
[EventType "swiss"]
[EventCountry "NED"]
[SourceTitle "playchess.com"]
[Source "ChessBase"]
[SourceQuality "1"]
[TimeControl "40/5400+30:1800+30"]

1. d4 Nf6 2. c4 g6 3. Nf3 Bg7 4. g3 O-O 5. Bg2 d6 6. Nc3 Nbd7 7. O-O e5 8. e4 a6 9. h3 Ne8 10. Be3 c6 11. Qc2 Nc7 12. Rad1 Qe7 13. Rfe1 Re8 14. a3 Nf8 15. Qd2 Be6 16. Qe2 b5 17. cxb5 cxb5 18. dxe5 dxe5 19. Nd5 Bxd5 20. exd5 Qd6 21. b4 Nd7 22. Ng5 f5 23. Bc5 Qf6 24. d6 Qxg5 25. dxc7 Nxc5 26. Bxa8 Rxa8 27. bxc5 Rc8 28. Qa2+ Kf8 29. Rd7 Qf6 30. Red1 Re8 31. R1d6 1-0

[Event "9th Amsterdam Science Park B 2019"]
[Site "Amsterdam"]
[Date "2019.07.12"]
[Round "7.9"]
[White "Boons, Joris"]
[Black "Van Rijs, Tim"]
[Result "1-0"]
[ECO "B94"]
[WhiteElo "1512"]
[BlackElo "1304"]
[Annotator "NA"]
[PlyCount "57"]
[EventDate "2019.07.06"]
[EventType "swiss"]
[EventCountry "NED"]
[SourceTitle "playchess.com"]
[Source "ChessBase"]
[SourceQuality "1"]
[TimeControl "40/5400+30:1800+30"]

1. e4 c5 2. Nf3 d6 3. d4 cxd4 4. Nxd4 Nf6 5. Nc3 a6 6. Bg5 e5 7. Nb3 Be7 8. Be2 Be6 9. f4 O-O 10. f5 Bd7 11. Qd2 h6 12. Bxf6 Bxf6 13. Qxd6 Bc6 14. Qc5 Nd7 15. Qf2 Qb6 16. Qxb6 Nxb6 17. O-O-O Rad8 18. Na5 Bg5+ 19. Kb1 Na4 20. Nxa4 Bxa4 21. b3 Bd2 22. Nxb7 Bc6 23. Nxd8 Rxd8 24. Bxa6 Bxe4 25. Rhf1 Bxg2 26. Rf2 Bh3 27. Rfxd2 Rxd2 28. Rxd2 Bxf5 29. Bd3 1-0

[Event "9th Amsterdam Science Park B 2019"]
[Site "Amsterdam"]
[Date "2019.07.12"]
[Round "7.10"]
[White "Van Duijl, Henri"]
[Black "Belozerova, Olga"]
[Result "1/2-1/2"]
[ECO "C07"]
[WhiteElo "1495"]
[BlackElo "1276"]
[Annotator "NA"]
[PlyCount "100"]
[EventDate "2019.07.06"]
[EventType "swiss"]
[EventCountry "NED"]
[SourceTitle "playchess.com"]
[Source "ChessBase"]
[SourceQuality "1"]
[TimeControl "40/5400+30:1800+30"]

1. e4 e6 2. d4 d5 3. Nd2 c5 4. c3 cxd4 5. cxd4 dxe4 6. Nxe4 Nf6 7. Nc3 Nc6 8. Nf3 Be7 9. Bd3 O-O 10. O-O b6 11. h3 Bb7 12. Be3 Rc8 13. Rc1 h6 14. a3 Nd5 15. Nxd5 Qxd5 16. Qe2 Rfd8 17. Rfd1 Qd6 18. Bb1 Na5 19. Qd3 f5 20. Bd2 Be4 21. Qe2 Bxb1 22. Bb4 Qd7 23. Bxe7 Qxe7 24. Rxc8 Rxc8 25. Rxb1 Qd6 26. Rd1 Qd5 27. Ne5 Nc6 28. Ng6 Re8 29. Nf4 Qd7 30. Qc4 Kh7 31. d5 e5 32. Qxc6 Qxc6 33. dxc6 exf4 34. b4 a6 35. a4 b5 36. axb5 axb5 37. Rd5 Re6 38. Rxf5 Rxc6 39. Rxb5 Rc4 40. Rb8 g5 41. Rb6 h5 42. Kf1 g4 43. b5 gxh3 44. gxh3 Rc3 45. Kg2 h4 46. Rc6 f3+ 47. Kh2 Rb3 48. b6 Rb2 49. Kg1 Rb1+ 50. Kh2 Rb2 1/2-1/2

[Event "9th Amsterdam Science Park B 2019"]
[Site "Amsterdam"]
[Date "2019.07.13"]
[Round "8.1"]
[White "Emans, Job"]
[Black "Duson, Robin"]
[Result "1-0"]
[ECO "E32"]
[WhiteElo "1989"]
[BlackElo "1936"]
[Annotator "NA"]
[PlyCount "131"]
[EventDate "2019.07.06"]
[EventType "swiss"]
[EventCountry "NED"]
[SourceTitle "playchess.com"]
[Source "ChessBase"]
[SourceQuality "1"]
[TimeControl "40/5400+30:1800+30"]

1. d4 Nf6 2. c4 e6 3. Nc3 Bb4 4. Qc2 O-O 5. a3 Bxc3+ 6. Qxc3 d5 7. Bg5 dxc4 8. Qxc4 b6 9. Nf3 Ba6 10. Qa4 c5 11. dxc5 bxc5 12. Rd1 Qb6 13. Bxf6 gxf6 14. g3 Qxb2 15. Nd2 Qe5 16. Qg4+ Kh8 17. Bg2 f5 18. Qh5 Nd7 19. Bxa8 Rxa8 20. Qf3 Rb8 21. Qe3 Qxe3 22. fxe3 Rb2 23. Nc4 Bxc4 24. Rxd7 Rxe2+ 25. Kd1 Ra2 26. Re1 Rxa3 27. Rxf7 Ra2 28. Rc7 Bb3+ 29. Kc1 c4 30. Kb1 Rd2 31. Rxa7 c3 32. Rc1 Rd1 33. Ra3 Rxc1+ 34. Kxc1 Bd5 35. Rxc3 Kg7 36. Kd2 Kg6 37. Rc7 h6 38. Kc3 Kg5 39. Rg7+ Kf6 40. Rh7 Kg6 41. Rh8 Kg7 42. Rd8 Kf6 43. Kd4 Bf3 44. Kc5 Ke5 45. Rd4 Be4 46. Kc4 Bf3 47. Kd3 Be4+ 48. Ke2 Kf6 49. h4 Bg2 50. Rb4 h5 51. Rb5 Bd5 52. Kd3 Ke5 53. Ra5 Kf6 54. Kd4 Bf3 55. Rb5 Be2 56. Rc5 Bf3 57. Ra5 Bg2 58. Ra7 Bf3 59. Rc7 Be4 60. Rc8 Bf3 61. Rb8 Be4 62. Rh8 Kg6 63. Ke5 Bd5 64. Rf8 Bb3 65. Rf6+ Kg7 66. Rxe6 1-0

[Event "9th Amsterdam Science Park B 2019"]
[Site "Amsterdam"]
[Date "2019.07.13"]
[Round "8.2"]
[White "Roemersma, Aad"]
[Black "Eveleens, Wim"]
[Result "1-0"]
[ECO "B01"]
[WhiteElo "2029"]
[BlackElo "2005"]
[Annotator "NA"]
[PlyCount "63"]
[EventDate "2019.07.06"]
[EventType "swiss"]
[EventCountry "NED"]
[SourceTitle "playchess.com"]
[Source "ChessBase"]
[SourceQuality "1"]
[TimeControl "40/5400+30:1800+30"]

1. e4 d5 2. exd5 Qxd5 3. d4 Nf6 4. Nf3 c6 5. c4 Qd8 6. Nc3 g6 7. Bd3 Bg7 8. h3 O-O 9. O-O Na6 10. Be3 Nc7 11. Qd2 Nce8 12. Rfe1 Nd6 13. Bh6 Nf5 14. Bxg7 Kxg7 15. Bc2 Nd6 16. b3 Bf5 17. c5 Nb5 18. Nxb5 Bxc2 19. Qxc2 cxb5 20. Qe2 Nd5 21. Qxb5 Qc7 22. Qe2 f6 23. b4 h5 24. a3 Rf7 25. Nd2 Rd8 26. Nc4 Nf4 27. Qe4 h4 28. Rad1 Rd5 29. Nd6 Nxh3+ 30. Kf1 Rxd6 31. cxd6 Qc4+ 32. Qd3 1-0

[Event "9th Amsterdam Science Park B 2019"]
[Site "Amsterdam"]
[Date "2019.07.13"]
[Round "8.3"]
[White "Dambrink, Wouter"]
[Black "Van `t Schip, Richard"]
[Result "1/2-1/2"]
[ECO "D43"]
[WhiteElo "1931"]
[BlackElo "2003"]
[Annotator "NA"]
[PlyCount "128"]
[EventDate "2019.07.06"]
[EventType "swiss"]
[EventCountry "NED"]
[SourceTitle "playchess.com"]
[Source "ChessBase"]
[SourceQuality "1"]
[TimeControl "40/5400+30:1800+30"]

1. d4 d5 2. Nf3 Nf6 3. c4 c6 4. Nc3 e6 5. g3 Nbd7 6. Bg2 Bd6 7. O-O O-O 8. Nd2 h6 9. e4 dxe4 10. Ndxe4 Nxe4 11. Nxe4 Be7 12. Bf4 Nf6 13. Nc3 Qd7 14. Be5 b6 15. Qf3 Bb7 16. Rfd1 Rfd8 17. a4 Qc8 18. a5 bxa5 19. Rxa5 Nd7 20. Bf4 Nb6 21. c5 Nd5 22. Be5 f6 23. Nxd5 Rxd5 24. Bf4 Qd8 25. Qc3 Rd7 26. Qb3 Kf8 27. Rda1 a6 28. Qxe6 Rxd4 29. Qb3 Qd7 30. Bf1 Rd8 31. Be3 Rd5 32. Bc4 Rd1+ 33. Rxd1 Qxd1+ 34. Qxd1 Rxd1+ 35. Kg2 Rb1 36. Bxa6 Rxb2 37. Bxb7 Rxb7 38. Ra8+ Kf7 39. Rc8 Ke6 40. Rxc6+ Kd7 41. Ra6 Rc7 42. Ra8 Ke6 43. Ra5 h5 44. Kf3 f5 45. h4 Rc6 46. Kf4 g6 47. Rb5 Kd5 48. Rb6 Bf6 49. f3 Re6 50. Bf2 Rc6 51. Rxc6 Kxc6 52. Bg1 Kd5 53. Be3 Kc6 54. Bg1 Kd5 55. Bf2 Kc6 56. g4 fxg4 57. fxg4 hxg4 58. Kxg4 Kd5 59. Be3 Be7 60. Bg1 Kc6 61. Bd4 Kd5 62. Be3 Kc6 63. Bf2 Kd5 64. Kf4 Bxh4 1/2-1/2

[Event "9th Amsterdam Science Park B 2019"]
[Site "Amsterdam"]
[Date "2019.07.13"]
[Round "8.4"]
[White "Van Amerongen-Jansen, Peggy"]
[Black "Aalten, Evert"]
[Result "1/2-1/2"]
[ECO "B54"]
[WhiteElo "2002"]
[BlackElo "1931"]
[Annotator "NA"]
[PlyCount "118"]
[EventDate "2019.07.06"]
[EventType "swiss"]
[EventCountry "NED"]
[SourceTitle "playchess.com"]
[Source "ChessBase"]
[SourceQuality "1"]
[TimeControl "40/5400+30:1800+30"]

1. e4 c5 2. Nf3 d6 3. d4 cxd4 4. Nxd4 Nf6 5. Bd3 g6 6. O-O Bg7 7. h3 O-O 8. Be3 Nc6 9. c3 e5 10. Nxc6 bxc6 11. Nd2 Qe7 12. b4 a5 13. bxa5 Rxa5 14. Nc4 Ra6 15. Nb6 Ra5 16. a4 Be6 17. Qd2 Nh5 18. Rfc1 f5 19. f3 fxe4 20. fxe4 Nf4 21. Bf1 Kh8 22. c4 Ra7 23. Kh2 Bg8 24. Rd1 Ne6 25. Qxd6 Nd4 26. Qxe7 Rxe7 27. a5 Ra7 28. Bxd4 exd4 29. c5 Be5+ 30. Kh1 Rf2 31. Nc4 Bxc4 32. Bxc4 Rc2 33. Bd3 Rxc5 34. a6 Rc3 35. Rac1 Kg7 36. Rb1 Kf6 37. Be2 d3 38. Bxd3 Bd4 39. Be2 Ke5 40. Bd3 c5 41. Rb7 Rxd3 42. Rxd3 Rxa6 43. Rd1 h5 44. Re7+ Kf6 45. Re8 Kf7 46. Rd8 Ke6 47. R8xd4 cxd4 48. Rxd4 Ke5 49. Rb4 Ra1+ 50. Kh2 Re1 51. Rb6 Rxe4 52. Rxg6 h4 53. Ra6 Kf5 54. Ra5+ Kg6 55. Kg1 Rf4 56. Ra2 Kg5 57. Kh2 Rf1 58. g4 hxg3+ 59. Kxg3 Rb1 1/2-1/2

[Event "9th Amsterdam Science Park B 2019"]
[Site "Amsterdam"]
[Date "2019.07.13"]
[Round "8.5"]
[White "Breedveld, Andre"]
[Black "Sula, Avni"]
[Result "1-0"]
[ECO "A20"]
[WhiteElo "1947"]
[BlackElo "1978"]
[Annotator "NA"]
[PlyCount "79"]
[EventDate "2019.07.06"]
[EventType "swiss"]
[EventCountry "NED"]
[SourceTitle "playchess.com"]
[Source "ChessBase"]
[SourceQuality "1"]
[TimeControl "40/5400+30:1800+30"]

1. c4 e5 2. e3 Nf6 3. a3 d5 4. cxd5 Nxd5 5. Nf3 Bd6 6. Qc2 Qe7 7. d3 Nc6 8. Nbd2 Nf6 9. b4 Bf5 10. Nh4 Be6 11. g3 Qd7 12. h3 Be7 13. Nhf3 Nd5 14. b5 Nd8 15. Nxe5 Qxb5 16. d4 Qa5 17. Bb2 c6 18. e4 Nb6 19. f4 Qa4 20. Qd3 f6 21. Ng4 f5 22. exf5 Bd5 23. Rh2 O-O 24. Be2 Nf7 25. Bd1 Qb5 26. Qxb5 cxb5 27. Ne3 Nd6 28. Nxd5 Nxd5 29. Bb3 Nc4 30. Nxc4 bxc4 31. Bxc4 Rad8 32. Re2 Bf6 33. a4 Kh8 34. Ba3 Ne7 35. Bxe7 Bxe7 36. Rxe7 Rxd4 37. Be6 Re4+ 38. Kf2 g6 39. Rc1 gxf5 40. Rcc7 1-0

[Event "9th Amsterdam Science Park B 2019"]
[Site "Amsterdam"]
[Date "2019.07.13"]
[Round "8.6"]
[White "Gutmann, Alois"]
[Black "Burton, Graham P"]
[Result "1-0"]
[ECO "A00"]
[WhiteElo "2036"]
[BlackElo "1968"]
[Annotator "NA"]
[PlyCount "85"]
[EventDate "2019.07.06"]
[EventType "swiss"]
[EventCountry "NED"]
[SourceTitle "playchess.com"]
[Source "ChessBase"]
[SourceQuality "1"]
[TimeControl "40/5400+30:1800+30"]

1. Nc3 c5 2. Nf3 e6 3. d4 cxd4 4. Nxd4 a6 5. g3 Qc7 6. Bg2 Nc6 7. O-O Nf6 8. a4 Be7 9. e4 O-O 10. Kh1 d6 11. f4 Bd7 12. Nb3 Rac8 13. Be3 b6 14. Qe2 Nb4 15. Bg1 Bc6 16. Rfd1 Bb7 17. Rd2 Rfd8 18. Rad1 Bf8 19. Qf2 Nd7 20. g4 Nc5 21. Nd4 d5 22. e5 Ne4 23. Nxe4 dxe4 24. Qe2 g5 25. Bxe4 gxf4 26. c3 Nd5 27. Nf3 Bg7 28. Bd4 Ne7 29. Bxb7 Qxb7 30. Qf2 Ng6 31. Kg1 Rd5 32. Re1 b5 33. a5 Qb8 34. Rde2 b4 35. h4 Rc4 36. h5 Ne7 37. Nd2 Rc8 38. Qxf4 Nc6 39. h6 Bh8 40. Rf1 Rd7 41. Qg5+ Kf8 42. Bc5+ Ne7 43. Ref2 1-0

[Event "9th Amsterdam Science Park B 2019"]
[Site "Amsterdam"]
[Date "2019.07.13"]
[Round "8.7"]
[White "Honkoop, Mark"]
[Black "Tijssens, Rob"]
[Result "1-0"]
[ECO "B52"]
[WhiteElo "1670"]
[BlackElo "1725"]
[Annotator "NA"]
[PlyCount "114"]
[EventDate "2019.07.06"]
[EventType "swiss"]
[EventCountry "NED"]
[SourceTitle "playchess.com"]
[Source "ChessBase"]
[SourceQuality "1"]
[TimeControl "40/5400+30:1800+30"]

1. e4 c5 2. Nf3 d6 3. Bb5+ Bd7 4. Bxd7+ Qxd7 5. c4 Nc6 6. d4 cxd4 7. Nxd4 g6 8. Be3 Bg7 9. Nc3 Nf6 10. h3 O-O 11. O-O Rfc8 12. b3 Qd8 13. Qd2 Qa5 14. Rfd1 Qc7 15. Rac1 b6 16. Qe2 Qb7 17. Nxc6 Qxc6 18. Bg5 Re8 19. Rc2 Rac8 20. Qe3 Qb7 21. e5 dxe5 22. Qxe5 Rc5 23. Qe3 Qc8 24. Bh6 Bxh6 25. Qxh6 Qe6 26. Re2 Re5 27. Qd2 Rxe2 28. Qxe2 Qc6 29. Qd3 Rc8 30. Nd5 Nxd5 31. Qxd5 Qc7 32. Qd7 Kg7 33. Kf1 a5 34. Rd5 a4 35. Ke2 axb3 36. Qxc7 Rxc7 37. axb3 Rc6 38. Kd3 Kf6 39. Kc3 e6 40. Rd2 b5 41. Kb4 bxc4 42. bxc4 Ke7 43. Kb5 Rc8 44. c5 Rb8+ 45. Kc6 Rb1 46. Kc7 Rc1 47. c6 h5 48. Kb7 Rb1+ 49. Kc8 Rc1 50. c7 Ke8 51. Rb2 Ke7 52. Kb7 Kd7 53. Rd2+ {[%emt 0:00:33] Kd6 Kc8+} Ke7 54. Rb2 Kd6 55. Rb6+ Ke7 {Kb7 Kd7} 56. Kb8 Rxc7 57. Rb2 Rc2 1-0

[Event "9th Amsterdam Science Park B 2019"]
[Site "Amsterdam"]
[Date "2019.07.13"]
[Round "8.8"]
[White "Tardijn, Ilja"]
[Black "Cohn, Samuel"]
[Result "0-1"]
[ECO "E92"]
[WhiteElo "1645"]
[BlackElo "1679"]
[Annotator "NA"]
[PlyCount "70"]
[EventDate "2019.07.06"]
[EventType "swiss"]
[EventCountry "NED"]
[SourceTitle "playchess.com"]
[Source "ChessBase"]
[SourceQuality "1"]
[TimeControl "40/5400+30:1800+30"]

1. d4 Nf6 2. c4 g6 3. Nc3 Bg7 4. e4 d6 5. Nf3 O-O 6. Be2 e5 7. dxe5 dxe5 8. Qxd8 Rxd8 9. Bg5 c6 10. Nxe5 Re8 11. O-O-O Nxe4 12. Nxe4 Bxe5 13. Bf3 Bf5 14. Nf6+ Bxf6 15. Bxf6 Nd7 16. Bc3 Nc5 17. Bd4 Nd3+ 18. Kd2 c5 19. g4 cxd4 20. gxf5 Nxf2 21. fxg6 hxg6 22. c5 Nxh1 23. Bxh1 Rac8 24. b4 Rc7 25. Kd3 Kg7 26. Kc4 Re2 27. Rxd4 Rxh2 28. Bd5 Rxa2 29. Kb5 Ra1 30. Re4 Rg1 31. Re8 Rg5 32. Rd8 Re7 33. Kc4 Rg4+ 34. Kb5 Rd4 35. Rd6 Re5 0-1

[Event "9th Amsterdam Science Park B 2019"]
[Site "Amsterdam"]
[Date "2019.07.13"]
[Round "8.9"]
[White "Boons, Joris"]
[Black "Polm, Sjors"]
[Result "1-0"]
[ECO "B01"]
[WhiteElo "1512"]
[BlackElo "1395"]
[Annotator "NA"]
[PlyCount "45"]
[EventDate "2019.07.06"]
[EventType "swiss"]
[EventCountry "NED"]
[SourceTitle "playchess.com"]
[Source "ChessBase"]
[SourceQuality "1"]
[TimeControl "40/5400+30:1800+30"]

1. e4 d5 2. exd5 Qxd5 3. Nc3 Qa5 4. d4 c6 5. Nf3 Bg4 6. Bc4 Nf6 7. Bd2 Qh5 8. Be2 Nbd7 9. h3 e6 10. O-O Bxf3 11. Bxf3 Qg6 12. Bf4 O-O-O 13. Qe2 Nb6 14. Bxc6 Rxd4 15. Be5 Rc4 16. Bf3 Nfd5 17. Nxd5 exd5 18. Rfd1 Qxc2 19. Rd2 Qg6 20. Rxd5 Rc2 21. Bg4+ f5 22. Qxc2+ Qc6 23. Bxf5+ {Qg6} 1-0

[Event "9th Amsterdam Science Park B 2019"]
[Site "Amsterdam"]
[Date "2019.07.13"]
[Round "8.10"]
[White "Jongsma, Kees"]
[Black "Belozerova, Olga"]
[Result "0-1"]
[ECO "C08"]
[WhiteElo "1381"]
[BlackElo "1276"]
[Annotator "NA"]
[PlyCount "62"]
[EventDate "2019.07.06"]
[EventType "swiss"]
[EventCountry "NED"]
[SourceTitle "playchess.com"]
[Source "ChessBase"]
[SourceQuality "1"]
[TimeControl "40/5400+30:1800+30"]

1. e4 e6 2. d4 d5 3. Nd2 c5 4. exd5 exd5 5. Bb5+ Nc6 6. Ngf3 a6 7. Bxc6+ bxc6 8. O-O cxd4 9. Re1+ Be7 10. Nb3 Nf6 11. Nbxd4 Bd7 12. Ne5 Rc8 13. Nxd7 Qxd7 14. Qe2 Ne4 15. Qxa6 O-O 16. Qe2 Bb4 17. Rd1 Rfe8 18. Qf3 c5 19. Ne2 Re6 20. Ng3 Rce8 21. Nxe4 Rxe4 22. Be3 Qe6 23. g3 d4 24. Bf4 Qf6 25. c3 dxc3 26. bxc3 Bxc3 27. Rd6 Rxf4 28. Rxf6 Rxf3 29. Rxf3 Bxa1 30. a4 c4 31. Ra3 Bb2 0-1

[Event "9th Amsterdam Science Park B 2019"]
[Site "Amsterdam"]
[Date "2019.07.14"]
[Round "9.1"]
[White "Roemersma, Aad"]
[Black "Emans, Job"]
[Result "0-1"]
[ECO "C47"]
[WhiteElo "2029"]
[BlackElo "1989"]
[Annotator "NA"]
[PlyCount "64"]
[EventDate "2019.07.06"]
[EventType "swiss"]
[EventCountry "NED"]
[SourceTitle "playchess.com"]
[Source "ChessBase"]
[SourceQuality "1"]
[TimeControl "40/5400+30:1800+30"]

1. e4 e5 2. Nf3 Nc6 3. Nc3 Nf6 4. d4 exd4 5. Nxd4 Bb4 6. Nxc6 bxc6 7. Bd3 O-O 8. O-O Re8 9. Bg5 h6 10. Bh4 Bxc3 11. bxc3 g5 12. Bg3 Nxe4 13. Qh5 Qf6 14. Rae1 d5 15. Bxc7 Bd7 16. f4 g4 17. Be5 Qg6 18. Qxg6+ fxg6 19. Re2 Bf5 20. c4 Re7 21. cxd5 cxd5 22. c4 Ng3 23. Bxf5 Nxe2+ 24. Kf2 gxf5 25. cxd5 Rxe5 26. fxe5 Nc3 27. d6 Kf7 28. Ke3 Ke6 29. Kd4 Rc8 30. a4 Nxa4 31. Ra1 Nb6 32. Rxa7 Nd7 0-1

[Event "9th Amsterdam Science Park B 2019"]
[Site "Amsterdam"]
[Date "2019.07.14"]
[Round "9.2"]
[White "Duson, Robin"]
[Black "Breedveld, Andre"]
[Result "1-0"]
[ECO "A53"]
[WhiteElo "1936"]
[BlackElo "1947"]
[Annotator "NA"]
[PlyCount "59"]
[EventDate "2019.07.06"]
[EventType "swiss"]
[EventCountry "NED"]
[SourceTitle "playchess.com"]
[Source "ChessBase"]
[SourceQuality "1"]
[TimeControl "40/5400+30:1800+30"]

1. d4 Nf6 2. c4 d6 3. Nc3 Nbd7 4. e4 e5 5. d5 Nc5 6. f3 a5 7. Be3 b6 8. a3 Be7 9. b4 Ncd7 10. g4 h6 11. h4 Nf8 12. Nge2 Bxg4 13. fxg4 Nxg4 14. Kd2 Nxe3 15. Kxe3 Bxh4 16. Qa4+ Nd7 17. Bh3 Bg5+ 18. Kd3 Ke7 19. Qc2 Rf8 20. Raf1 axb4 21. axb4 Ra3 22. Qb2 Ra8 23. Ra1 g6 24. Rxa8 Qxa8 25. Ra1 Qb8 26. Ng3 h5 27. Qg2 Bf6 28. Nb5 Ke8 29. Ra8 Ke7 30. Ra2 1-0

[Event "9th Amsterdam Science Park B 2019"]
[Site "Amsterdam"]
[Date "2019.07.14"]
[Round "9.3"]
[White "Yu, Michael"]
[Black "Dambrink, Wouter"]
[Result "1-0"]
[ECO "D41"]
[WhiteElo "1995"]
[BlackElo "1931"]
[Annotator "NA"]
[PlyCount "81"]
[EventDate "2019.07.06"]
[EventType "swiss"]
[EventCountry "NED"]
[SourceTitle "playchess.com"]
[Source "ChessBase"]
[SourceQuality "1"]
[TimeControl "40/5400+30:1800+30"]

1. d4 d5 2. c4 e6 3. Nf3 Nf6 4. Nc3 c5 5. cxd5 exd5 6. Bg5 Be6 7. e3 Nc6 8. Bb5 Be7 9. O-O O-O 10. dxc5 Bxc5 11. Ne2 h6 12. Bh4 g5 13. Bg3 Ne4 14. Nfd4 Rc8 15. Nxe6 fxe6 16. Rc1 Qf6 17. Rxc5 Nxc5 18. Bd6 Qxb2 19. Bxc6 Rxc6 20. Bxf8 Kxf8 21. Nd4 Ra6 22. Qf3+ Kg7 23. Qg3 Qb6 24. Qe5+ Kh7 25. Rc1 Rxa2 26. h4 Qb2 27. Rf1 Ne4 28. Qxe6 Nxf2 29. h5 g4 30. Qg6+ Kh8 31. Qxh6+ Kg8 32. Qe6+ Kh7 33. Qf7+ Kh8 34. Qxd5 Ra1 35. Rxa1 Qxa1+ 36. Kxf2 Qd1 37. Qxb7 g3+ 38. Kxg3 Qxh5 39. Qb8+ Kh7 40. Qxa7+ Kh8 41. Qb8+ 1-0

[Event "9th Amsterdam Science Park B 2019"]
[Site "Amsterdam"]
[Date "2019.07.14"]
[Round "9.4"]
[White "Aalten, Evert"]
[Black "Gutmann, Alois"]
[Result "1/2-1/2"]
[ECO "A04"]
[WhiteElo "1931"]
[BlackElo "2036"]
[Annotator "NA"]
[PlyCount "87"]
[EventDate "2019.07.06"]
[EventType "swiss"]
[EventCountry "NED"]
[SourceTitle "playchess.com"]
[Source "ChessBase"]
[SourceQuality "1"]
[TimeControl "40/5400+30:1800+30"]

1. Nf3 e6 2. c4 f5 3. g3 b6 4. Bg2 Bb7 5. O-O Nf6 6. d4 Be7 7. Nc3 Ne4 8. Qc2 Nxc3 9. Qxc3 Bf6 10. b3 O-O 11. Bb2 Qe8 12. Qd2 Be4 13. Ne1 Bxg2 14. Kxg2 Nc6 15. Nf3 Ne7 16. Rfd1 Qh5 17. d5 Bxb2 18. Qxb2 d6 19. dxe6 Rf6 20. b4 Rxe6 21. c5 d5 22. cxb6 axb6 23. a4 f4 24. a5 b5 25. Rac1 c6 26. Qd4 Rxe2 27. Re1 Nf5 28. Qxf4 Ne3+ 29. Qxe3 Rxe3 30. Rxe3 Qg4 31. Rxc6 Qxb4 32. Rc7 Qf8 33. Ree7 Re8 34. Red7 Rd8 35. Re7 Re8 36. Red7 Qf6 37. Rxd5 Rf8 38. Rd3 b4 39. Rb7 Qa6 40. Rdd7 Qf6 41. Rd3 Qf5 42. Rb3 Qxa5 43. R7xb4 Qd5 44. Rb5 1/2-1/2

[Event "9th Amsterdam Science Park B 2019"]
[Site "Amsterdam"]
[Date "2019.07.14"]
[Round "9.5"]
[White "Cardon, Emile"]
[Black "De Ruiter, Tom"]
[Result "0-1"]
[ECO "B50"]
[WhiteElo "1934"]
[BlackElo "2010"]
[Annotator "NA"]
[PlyCount "94"]
[EventDate "2019.07.06"]
[EventType "swiss"]
[EventCountry "NED"]
[SourceTitle "playchess.com"]
[Source "ChessBase"]
[SourceQuality "1"]
[TimeControl "40/5400+30:1800+30"]

1. e4 c5 2. Nf3 d6 3. c3 Nf6 4. Bd3 Bg4 5. Bc2 e6 6. O-O Nc6 7. h3 Bh5 8. d3 Be7 9. Nbd2 d5 10. Qe1 Qc7 11. e5 Nd7 12. d4 cxd4 13. cxd4 Nb4 14. Bb1 Nc2 15. Bxc2 Qxc2 16. g4 Bg6 17. Qe3 Rc8 18. Ne1 Qc6 19. f4 f5 20. Ndf3 O-O 21. Bd2 Qa6 22. g5 Nb6 23. b3 Ba3 24. Qd3 Be8 25. Qxa6 bxa6 26. Nd3 Bb5 27. Nfe1 Rf7 28. Rf3 Rfc7 29. Ba5 Kf7 30. h4 Kg6 31. Kg2 Bxd3 32. Rxd3 Bb2 33. Rad1 Bc3 34. Bxc3 Rxc3 35. R1d2 Kh5 36. Kg3 Nd7 37. Nf3 a5 38. Ne1 Rc1 39. Rd1 Nb8 40. Nf3 Na6 41. Rxc1 Rxc1 42. a3 Nc7 43. a4 Na6 44. Kh3 Nb4 45. Re3 Na2 46. Rd3 Nc3 47. Kg2 Ne2 0-1

[Event "9th Amsterdam Science Park B 2019"]
[Site "Amsterdam"]
[Date "2019.07.14"]
[Round "9.6"]
[White "Van`t Schip, Richard"]
[Black "Golbach, Floris"]
[Result "1/2-1/2"]
[ECO "D40"]
[WhiteElo "2003"]
[BlackElo "1970"]
[Annotator "NA"]
[PlyCount "80"]
[EventDate "2019.07.06"]
[EventType "swiss"]
[EventCountry "NED"]
[SourceTitle "playchess.com"]
[Source "ChessBase"]
[SourceQuality "1"]
[TimeControl "40/5400+30:1800+30"]

1. e4 e6 2. d4 d5 3. Nd2 Nf6 4. Bd3 c5 5. c3 cxd4 6. cxd4 Nc6 7. Ngf3 dxe4 8. Nxe4 Be7 9. Nc3 O-O 10. O-O Qa5 11. Re1 Rd8 12. Be3 Bd7 13. Rc1 Be8 14. Qe2 a6 15. Bb1 b5 16. Red1 Nb4 17. a3 Nbd5 18. Nxd5 Nxd5 19. Ne5 Rac8 20. Qf3 Rxc1 21. Bxc1 Nf6 22. Be3 b4 23. axb4 Qxb4 24. Qe2 Rb8 25. Qxa6 Qxb2 26. Qd3 Bb5 27. Qc2 Ba4 28. Qxb2 Rxb2 29. Rc1 Rb8 30. Bd3 Nd5 31. Rb1 Rd8 32. Ra1 Be8 33. Rb1 h5 34. h3 Bf6 35. Nf3 Nc3 36. Rb3 Nd5 37. Bb5 Nxe3 38. fxe3 g6 39. Bxe8 Rxe8 40. Kf2 Re7 1/2-1/2

[Event "9th Amsterdam Science Park B 2019"]
[Site "Amsterdam"]
[Date "2019.07.14"]
[Round "9.7"]
[White "Zegstroo, Martin"]
[Black "Honkoop, Mark"]
[Result "0-1"]
[ECO "C38"]
[WhiteElo "1798"]
[BlackElo "1670"]
[Annotator "NA"]
[PlyCount "66"]
[EventDate "2019.07.06"]
[EventType "swiss"]
[EventCountry "NED"]
[SourceTitle "playchess.com"]
[Source "ChessBase"]
[SourceQuality "1"]
[TimeControl "40/5400+30:1800+30"]

1. e4 e5 2. f4 exf4 3. Nf3 g5 4. Bc4 Bg7 5. O-O d6 6. d4 Nc6 7. c3 Nh6 8. g3 O-O 9. gxf4 g4 10. Ng5 Na5 11. Bd3 f6 12. b4 fxg5 13. bxa5 gxf4 14. Bxf4 Be6 15. Nd2 Nf7 16. Rb1 b6 17. Qc2 Kh8 18. Rb5 c5 19. dxc5 bxc5 20. Bc4 Qd7 21. Rbb1 Ne5 22. Bxe5 Bxe5 23. Qd3 Rg8 24. Bxe6 Qxe6 25. Nc4 g3 26. Nxe5 gxh2+ 27. Kh1 Qxe5 28. Rb2 Rg3 29. Qd5 Rg1+ 30. Rxg1 hxg1=Q+ 31. Kxg1 Rg8+ 32. Rg2 Qxd5 33. exd5 Rxg2+ 0-1